 Dungeon Crawl Stone Soup version 0.30-a0-1053-gbd8d5ba0ad (webtiles) character file.

Game seed: 7472653238424757806

2008 jimonade the Magician (level 9, 0/69 HPs)
             Began as a Gnoll Warper on Apr 11, 2023.
             Slain by a hornet zombie (2 damage)
             ... on level 6 of the Dungeon.
             The game lasted 00:20:39 (8203 turns).

jimonade the Magician (Gnoll Warper)                Turns: 8203, Time: 00:20:40

Health: 0/69       AC:  6    Str: 12    XL:     9   Next: 22%
Magic:  18/18      EV: 12    Int: 14    God:
Gold:   261        SH:  0    Dex: 13    Spells: 13/21 levels left

rFire   . . .      SeeInvis .    b - +1 whip (elec)
rCold   . . .      Faith    .    (no shield)
rNeg    + . .      Spirit   .    q - +0 ring mail
rPois   .          Reflect  .    (no helmet)
rElec   .          Rampage  .    K - scarf {repulsion}
rCorr   .                        (no gloves)
Will    .....                    (no boots)
Stlth   ++                       R - amulet of magic regeneration
HPRegen 0.31/turn                r - ring of positive energy
MPRegen 0.56/turn                L - ring of wizardry

@: repel missiles
A: fangs 1, strong nose, distributed training
a: no special abilities


You were on level 6 of the Dungeon.
You visited 1 branch of the dungeon, and saw 6 of its levels.

You collected 297 gold pieces.
You spent 36 gold pieces at shops.

Inventory:

Hand Weapons
 a - a +0 dagger of venom
 b - a +1 whip of electrocution (weapon)
 u - a +0 sling
 x - a +0 halberd
 y - a +0 morningstar of holy wrath
 B - a +3 whip
 C - a +1 spear of freezing
 E - a +3 dagger
 P - a +0 shortbow
 Q - a +0 dire flail of venom
Missiles
 d - 7 boomerangs of dispersal
 e - 66 stones
 z - 2 throwing nets
 A - 7 poisoned darts (quivered)
Armour
 f - the +3 scale mail of Wu Jian's Grace {rF++}
   (You found it on level 2 of the Dungeon)

   rF:        It greatly protects you from fire.
 q - a +0 ring mail (worn)
 v - a +0 leather armour
 H - a +1 robe of willpower
 K - a scarf of repulsion (worn)
Magical Staves
 h - a staff of air
 m - a staff of poison
Jewellery
 j - an amulet of faith
 r - a ring of positive energy (left hand)
 L - a ring of wizardry (right hand)
 R - an amulet of magic regeneration (around neck)
Wands
 w - a wand of polymorph (5)
 M - a wand of roots (12)
Scrolls
 c - 4 scrolls of blinking
 g - 2 scrolls of identify
 i - a scroll of vulnerability
 o - a scroll of magic mapping
 p - a scroll of poison {unknown}
 F - a scroll of brand weapon {unknown}
 O - a scroll of enchant armour {unknown}
Potions
 k - a potion of curing
 l - a potion of cancellation
 n - 3 potions of lignification
 s - a potion of magic
 t - 4 potions of mutation
 D - 2 potions of ambrosia
 G - 4 potions of heal wounds {unknown}
 I - a potion of brilliance {unknown}
 N - a potion of degeneration {unknown}


   Skills:
 + Level 6.3 Fighting
 + Level 4.2 Short Blades
 + Level 4.2 Long Blades
 + Level 4.2 Axes
 + Level 4.2 Maces & Flails
 + Level 6.3 Polearms
 + Level 4.2 Staves
 + Level 4.2 Ranged Weapons
 + Level 5.0 Throwing
 + Level 5.0 Armour
 + Level 6.3 Dodging
 + Level 4.2 Stealth
 + Level 4.2 Shields
 + Level 4.2 Unarmed Combat
 + Level 6.6 Spellcasting
 + Level 3.4 Conjurations
 + Level 3.4 Hexes
 + Level 3.4 Summonings
 + Level 3.4 Necromancy
 + Level 6.5 Translocations
 + Level 3.4 Transmutations
 + Level 3.4 Fire Magic
 + Level 3.4 Ice Magic
 + Level 3.4 Air Magic
 + Level 3.4 Earth Magic
 + Level 3.4 Poison Magic
 + Level 4.6 Invocations
 + Level 4.2 Evocations


You had 13 spell levels left.
You knew the following spells:

 Your Spells              Type           Power      Damage    Failure   Level
a - Blink                 Tloc           44%        N/A       1%          2
b - Lesser Beckoning      Tloc           44%        N/A       1%          2
c - Manifold Assault      Tloc           22%        N/A       9%          4

Your spell library contained the following spells:

 Spells                   Type           Power      Damage    Failure   Level
 Teleport Other           Tloc           22%        N/A       2%          3
 Portal Projectile        Hex/Tloc       36%        N/A       4%          3
 Vhi's Electric Charge    Tloc/Air       36%        N/A       4%          3
 Call Canine Familiar     Summ           14%        N/A       9%          3
 Ignite Poison            Fire/Tmut/Pois 14%        N/A       9%          3
 Leda's Liquefaction      Hex/Erth       7%         N/A       28%         4
 Sticky Flame             Conj/Fire      14%        2d4       28%         4
 Ignition                 Fire           7%         3d4       100%        8


Dungeon Overview and Level Annotations

Branches:
Dungeon (6/15)
 Temple: D:4-7

Altars:
Vehumet
Yredelemnul
The Shining One

Shops:
D:3 !   D:4 :

Annotations:
D:5 3 runed translucent doors, BleedingAnus's ghost, novice HOMo


Innate Abilities, Weirdness & Mutations

You have very sharp teeth.
Your uncanny sense of smell can sniff out nearby items.
Your experience applies equally to all skills.


Message History

You punch the bullfrog skeleton.
The bullfrog skeleton is severely damaged.
The bullfrog skeleton hits you but does no damage.
You hit the bullfrog skeleton.
You bite the bullfrog skeleton, but do no damage.
The bullfrog skeleton is severely damaged.
The bullfrog skeleton closely misses you.
The bullfrog skeleton hits you.
You hit the bullfrog skeleton. You bite the bullfrog skeleton.
The bullfrog skeleton is almost destroyed.
The bullfrog skeleton misses you.
You whack the bullfrog skeleton!
You destroy the bullfrog skeleton!
You closely miss the hornet zombie.
The hornet zombie completely misses you.
The hornet zombie hits you!
* * * LOW HITPOINT WARNING * * *
You hit the hornet zombie.
Lightning courses through the hornet zombie!!
The hornet zombie is moderately damaged.
The hornet zombie completely misses you.
You hit the hornet zombie.
Lightning courses through the hornet zombie!!
The hornet zombie is severely damaged.
The hornet zombie closely misses you.
You hit the hornet zombie but do no damage.
The hornet zombie is severely damaged.
The hornet zombie closely misses you.
You closely miss the hornet zombie.
The hornet zombie is severely damaged.
The hornet zombie hits you!
* * * LOW HITPOINT WARNING * * *
You whack the hornet zombie!
The hornet zombie is almost destroyed.
The hornet zombie hits you!
* * * LOW HITPOINT WARNING * * *
You barely miss the hornet zombie. You bite the hornet zombie.
The hornet zombie is almost destroyed.
The hornet zombie hits you.
You die...

#.# #.# #.# ##.##
###<###...######
♣........#......#
♣...#####)..####.
♣P.P♣ ##.## ♣P.P
#>#####.# ♣P.
♣######.......#
♣P
♣....@Z...#####
P. ♣♣.#####...#
♣..........#
♣#.####....# ∆
#.## #....#
#.#.###....#
♣.###.##....# ♣l.
#........# #.#
#.#####...#


You could see a hornet zombie.

Vanquished Creatures
  Grinder (D:4)
  Edmund (D:5)
  A water moccasin (D:6)
  A sky beast (D:6)
  An ogre (D:3)
  2 centaurs (D:5)
  Blork the orc (D:5)
  3 scorpions
  3 howler monkeys
  A gnoll bouda (D:3)
  5 hounds
  2 orc priests
  A bullfrog skeleton (D:6)
  2 iguanas
  2 sleepcaps (D:4)
  5 orc wizards
  18 gnolls
  9 adders
  A worm (D:2)
  5 dart slugs
  28 orcs
  4 bats
  8 endoplasms
  2 giant cockroaches
  14 goblins
  6 hobgoblins
  23 jackals
  3 quokkas
  8 ball pythons
  2 frilled lizards
  5 kobolds
  10 rats
178 creatures vanquished.

Vanquished Creatures (others)
  9 plants
  17 withered plants (D:6)
26 creatures vanquished.

Grand Total: 204 creatures vanquished

Notes
Turn   | Place    | Note
-------+----------+-------------------------------------------
     0 | D:1      | jimonade the Gnoll Warper began the quest for the Orb.
     0 | D:1      | Reached XP level 1. HP: 20/20 MP: 6/6
    21 | D:1      | You fall into a shaft and drop 1 floor!
    40 | D:2      | Identified the +3 scale mail of Wu Jian's Grace {rF++}
   107 | D:1      | Reached XP level 2. HP: 19/26 MP: 7/7
   481 | D:1      | Reached skill level 5 in Spellcasting
   481 | D:1      | Reached XP level 3. HP: 31/31 MP: 7/9
   992 | D:1      | Reached skill level 1 in Invocations
  1448 | D:2      | Reached skill level 1 in Short Blades
  1448 | D:2      | Reached skill level 1 in Long Blades
  1448 | D:2      | Reached skill level 1 in Axes
  1448 | D:2      | Reached skill level 1 in Maces & Flails
  1448 | D:2      | Reached skill level 1 in Staves
  1448 | D:2      | Reached skill level 1 in Ranged Weapons
  1448 | D:2      | Reached skill level 1 in Stealth
  1448 | D:2      | Reached skill level 1 in Shields
  1448 | D:2      | Reached skill level 1 in Unarmed Combat
  1448 | D:2      | Reached skill level 1 in Evocations
  1525 | D:2      | Reached XP level 4. HP: 38/38 MP: 11/11
  1687 | D:2      | Found a faded altar of an unknown god.
  1783 | D:2      | Reached skill level 1 in Conjurations
  1783 | D:2      | Reached skill level 1 in Hexes
  1783 | D:2      | Reached skill level 1 in Summonings
  1783 | D:2      | Reached skill level 1 in Necromancy
  1783 | D:2      | Reached skill level 1 in Transmutations
  1783 | D:2      | Reached skill level 1 in Fire Magic
  1783 | D:2      | Reached skill level 1 in Ice Magic
  1783 | D:2      | Reached skill level 1 in Air Magic
  1783 | D:2      | Reached skill level 1 in Earth Magic
  1783 | D:2      | Reached skill level 1 in Poison Magic
  2305 | D:3      | Reached XP level 5. HP: 43/43 MP: 12/12
  2586 | D:3      | Noticed an ogre
  2613 | D:3      | Reached XP level 6. HP: 25/50 MP: 14/14
  2711 | D:3      | Reached skill level 5 in Fighting
  2711 | D:3      | Reached skill level 5 in Polearms
  2711 | D:3      | Reached skill level 5 in Dodging
  2817 | D:3      | Found Socimolo's Distillery.
  2822 | D:3      | Bought a potion of curing for 36 gold pieces
  3817 | D:2      | Learned a level 2 spell: Blink
  3820 | D:2      | Learned a level 2 spell: Lesser Beckoning
  3944 | D:3      | Reached XP level 7. HP: 19/56 MP: 15/15
  5854 | D:4      | Reached XP level 8. HP: 54/63 MP: 16/16
  5968 | D:4      | Found Qagram's Vocational Training.
  6268 | D:4      | Noticed Grinder
  6274 | D:4      | Killed Grinder
  6678 | D:5      | Entered Level 5 of the Dungeon
  7048 | D:5      | Found a radiant altar of Vehumet.
  7173 | D:5      | Noticed Edmund
  7202 | D:5      | Killed Edmund
  7390 | D:5      | Noticed Blork the orc
  7422 | D:5      | Killed Blork the orc
  7559 | D:5      | Found a runed translucent gate.
  7560 | D:5      | Found a runed translucent gate.
  7561 | D:5      | Found a runed translucent gate.
  7562 | D:5      | Noticed BleedingAnus's ghost (novice HOMo)
  7562 | D:5      | Identified the +5 dagger "Qonunah" {drain, Dex+2}
  7562 | D:5      | Identified the +4 ring mail "Tyffisch" {Str+6}
  7631 | D:5      | Found a glowing golden altar of the Shining One.
  7656 | D:5      | Reached XP level 9. HP: 69/69 MP: 18/18
  7683 | D:5      | Learned a level 4 spell: Manifold Assault
  7799 | D:5      | Found a basalt altar of Yredelemnul.
  7802 | D:5      | Noticed a profane servitor
  7932 | D:5      | Noticed an angel
  8178 | D:6      | Reached skill level 5 in Throwing
  8178 | D:6      | Reached skill level 5 in Armour
  8202 | D:6      | HP: 2/69 [hornet zombie (7)]
  8203 | D:6      | Slain by a hornet zombie

Illustrated notes

Levels and vault maps discovered:
D:1:      reono_arrival_mine, layout_basic, serial_forest,
          infiniplex_forest_clump_long, infiniplex_forest_lined_corner,
          infiniplex_forest_end_2, infiniplex_forest_clump_large,
          infiniplex_forest_end_2, infiniplex_forest_zigzag_2,
          infiniplex_forest_end_3, infiniplex_forest_straight_2
D:2:      layout_loops_ring, shapermc_ecumenical_altar_ellora,
          grunt_ministairs_3, st_stairs_5, minmay_small_reverse_x
D:3:      lemuel_castle_with_subvaults [lemuel_castle_interior_carwin_2],
          layout_loops_ring, serial_shops, shop_fountains
D:4:      layout_basic, serial_co_window_serial, co_window_corner_a,
          co_window_cross_1, co_window_cross_1, co_window_paths_a,
          co_window_paths_a, co_window_corner_a, co_window_paths_b,
          co_window_corner_a, co_window_paths_b, co_window_corner_ca,
          co_window_of_opportunity_c, co_window_corner_b, co_window_corner_ca,
          co_window_of_opportunity_b, glass_columns_a, glass_columns_a,
          glass_columns_a, glass_columns_b, glass_columns_b,
          nicolae_shop_vocational, uniq_grinder
D:5:      layout_loops_cross, grunt_temple_overflow_holy_war,
          nicolae_overflow_hidden_temple, biasface_ghost_orc_armoury,
          uniq_edmund, uniq_blork_the_orc
D:6:      layout_loops_ring, minmay_temple_entry_butterflies,
          serial_bayou_pond_b, dilly_guarded_unrand_morg

Skill      XL: |  1  2  3  4  5  6  7  8  9 |
---------------+----------------------------+-----
Spellcasting   | 5 6 |  6.6
Invocations    | 1 2 3 4 |  4.6
Short Blades   | 1 2 3 4 |  4.2
Long Blades    | 1 2 3 4 |  4.2
Axes           | 1 2 3 4 |  4.2
Maces & Flails | 1 2 3 4 |  4.2
Staves         | 1 2 3 4 |  4.2
Ranged Weapons | 1 2 3 4 |  4.2
Stealth        | 1 2 3 4 |  4.2
Shields        | 1 2 3 4 |  4.2
Unarmed Combat | 1 2 3 4 |  4.2
Evocations     | 1 2 3 4 |  4.2
Conjurations   | 1 2 3 |  3.4
Hexes          | 1 2 3 |  3.4
Summonings     | 1 2 3 |  3.4
Necromancy     | 1 2 3 |  3.4
Transmutations | 1 2 3 |  3.4
Fire Magic     | 1 2 3 |  3.4
Ice Magic      | 1 2 3 |  3.4
Air Magic      | 1 2 3 |  3.4
Earth Magic    | 1 2 3 |  3.4
Poison Magic   | 1 2 3 |  3.4
Throwing       | 3 4 5 |  5.0
Armour         | 3 4 5 |  5.0
Fighting       | 5 6 |  6.3
Polearms       | 5 6 |  6.3
Dodging        | 5 6 |  6.3
Translocations | 6 |  6.5

Action                     |  1- 3 |  4- 6 |  7- 9 || total
---------------------------+-------+-------+-------++-------
  Melee: Spear             |    61 |       |       ||    61
         Bite              |    10 |    31 |    62 ||   103
         Punch             |     2 |     2 |    16 ||    20
         Whip              |    63 |    74 |    26 ||   163
         Dagger            |       |   184 |   399 ||   583
  Throw: Dart              |       |       |     7 ||     7
   Cast: Manifold Assault  |       |       |     5 ||     5
    Use: Scroll            |       |     1 |     7 ||     8
         Potion            |       |       |     1 ||     1
 Armour: Scale mail        |    61 |   112 |   127 ||   300
         Ring mail         |       |       |    16 ||    16
  Dodge: Dodged            |    65 |   128 |   208 ||   401

Table legend: (Time is in decaauts)
 A = Elapsed time spent in this place.
 B = Non-inter-level travel time spent in this place.
 C = Inter-level travel time spent in this place.
 D = Time resting spent in this place.
 E = Time spent auto-exploring this place.
 F = Levels seen in this place.
 G = Mean time per level.
                   A        B        C        D        E       F      G
               +--------+--------+--------+--------+--------+-----+--------+
         Total |   8135 |   7875 |    260 |   1320 |   4568 |   6 | 1355.8 |
       Dungeon |   8135 |   7875 |    260 |   1320 |   4568 |   6 | 1355.8 |
               +--------+--------+--------+--------+--------+-----+--------+

Top non-repeatable levels by time:
     D:2: 2076 daAuts
     D:3: 1939 daAuts
     D:5: 1367 daAuts
     D:4: 1353 daAuts
     D:1: 1271 daAuts
     D:6: 127 daAuts
